 Dungeon Crawl Stone Soup version 0.18.1-48-g4cf74bf (webtiles) character file.

66 tyranidshit the Grave Robber (level 3, -1/34 HPs)
             Began as a Deep Dwarf Necromancer on Sept 2, 2016.
             Slain by Natasha (6 damage)
             ... on level 2 of the Dungeon.
             The game lasted 00:03:56 (738 turns).

tyranidshit the Grave Robber (DDNe)                  Turns: 738, Time: 00:03:57

Health: -1/34      AC:  2    Str: 12    XL:     3   Next: 96%
Magic:  5/5        EV: 12    Int: 15    God:
Gold:   47         SH:  0    Dex: 13    Spells: 1 memorised, 4 levels left

rFire  . . .     SeeInvis .     m - +0 spear
rCold  . . .     Gourm    .     a - +0 robe
rNeg   . . .     Faith    .     (no shield)
rPois  .         Spirit   .     (no helmet)
rElec  .         Dismiss  .     (no cloak)
rCorr  .         Reflect  .     (no gloves)
SustAt .         Harm     .     (no boots)
MR     .....                    (no amulet)
Stlth  ++........               (no ring)
                                (no ring)

@: lethally poisoned (-1 -> -1), non-regenerating, not resistant to hostile
enchantments, unstealthy
A: damage resistance, recharge devices, sense surroundings 1, slow regeneration
3
a: Device Recharging


You were on level 2 of the Dungeon.
You were not hungry.

You visited 1 branch of the dungeon, and saw 2 of its levels.

You collected 47 gold pieces.

Inventory:

Hand Weapons
 f - a +0 club
 h - a +0 short sword
 m - a +0 spear (weapon)
Armour
 a - a +0 robe (worn)
 e - a +0 plate armour
Wands
 c - a wand of heal wounds (2/9)
Scrolls
 i - a scroll of identify {unknown}
 j - a scroll of recharging {unknown}
 k - 2 scrolls of enchant weapon {unknown}
 l - a scroll of teleportation {unknown}
 n - a scroll of magic mapping {unknown}
 o - a scroll of amnesia {unknown}
Potions
 g - a potion of lignification {unknown}
Books
 b - a book of Necromancy

   Spells                             Type                      Level
   a - Pain                           Necromancy                   1
   b - Animate Skeleton               Necromancy                   1
   c - Vampiric Draining              Necromancy                   3
   d - Regeneration                   Charms/Necromancy            3
   e - Animate Dead                   Necromancy                   4
   f - Control Undead                 Necromancy                   4
Comestibles
 d - a bread ration


   Skills:
 + Level 3.3 Fighting
 - Level 2.1 Dodging
 - Level 2.4 Stealth
 - Level 1.7 Spellcasting
 - Level 4.3 Necromancy


You had 4 spell levels left.
You knew the following spells:

 Your Spells              Type           Power        Failure   Level  Hunger
a - Pain                  Necr           ##..         4%          1    ##.....


Dungeon Overview and Level Annotations

Branches:
Dungeon (2/15)

Altars:

Annotations:
D:2 Natasha


Innate Abilities, Weirdness & Mutations

You are resistant to damage.
You can recharge devices by infusing magical energy.
You passively map a small area around you.
You do not regenerate naturally.


Message History

Natasha is heavily wounded.
The adder bites you. The white imp hits you. The white imp freezes you.
Natasha casts a spell.
The adder bites you.
You closely miss Natasha.
Natasha is heavily wounded.
The adder closely misses you. The white imp hits you.
The white imp freezes you. Natasha barely misses you. The worm bites you!
* * * LOW HITPOINT WARNING * * *
The crimson imp sputters.
You closely miss Natasha.
Natasha is heavily wounded.
The adder bites you.
* * * LOW HITPOINT WARNING * * *
The white imp hits you.
* * * LOW HITPOINT WARNING * * *
The white imp freezes you.
* * * LOW HITPOINT WARNING * * *
Natasha claws you!
You die...

....############
....##.........#
....##.........#
...###.........#
....##......(..##
....##..........#
....#####.#####..... ,
....#####.###########...
...[...........w@S5.....
<........(##...#5h.....$
........................
...........#####........
...........# #........
...........## #........
.............# #........
..........##.# #........
, ...#.....###.# , ,


You could see a worm, Natasha, a crimson imp, an adder and a white imp.

Vanquished Creatures
  Jessica (D:2)
  An ooze (D:1)
  A dart slug (D:2)
  2 giant geckos (D:1)
  A bat (D:2)
  4 giant cockroaches
  A goblin (D:2)
  3 hobgoblins
  3 jackals
  6 kobolds (D:1)
  2 giant newts (D:1)
  4 rats
29 creatures vanquished.

Notes
Turn   | Place    | Note
--------------------------------------------------------------
     0 | D:1      | tyranidshit the Deep Dwarf Necromancer began the quest for the Orb.
     0 | D:1      | Reached XP level 1. HP: 15/15 MP: 3/3
   124 | D:1      | Reached skill level 1 in Fighting
   247 | D:1      | Reached XP level 2. HP: 14/26 MP: 0/4
   595 | D:2      | Reached XP level 3. HP: 7/33 MP: 5/5
   615 | D:2      | Noticed Jessica
   628 | D:2      | Killed Jessica
   726 | D:2      | Noticed Natasha
   738 | D:2      | Slain by Natasha

Skill      XL: |  1  2  3 |
---------------+----------+-----
Fighting       | 1 2 3 |  3.3
Dodging        | |  2.1
Stealth        | |  2.4
Spellcasting   | |  1.7
Necromancy     | |  4.3

Action                   || total
-------------------------++-------
Melee: Unarmed           ||    40
       Club              ||     7
       Short sword       ||    37
       Spear             ||    31
 Cast: Pain              ||    18
Evoke: Wand              ||     3
 Stab: Sleeping          ||     1
Armor: Plate armour      ||    27
       Robe              ||    25
Dodge: Dodged            ||    81
